 Dungeon Crawl Stone Soup version bcrawl-1.37 (webtiles) character file.

Game seed: 9540686357043337627

235893 Turbognida the Ruffian (level 7, -27/52 HPs)
             Began as a Demigod Transmuter on Oct 1, 2022.
             Annihilated by a komodo dragon (32 damage)
             ... on level 5 of the Dungeon.
             The game lasted 00:08:10 (4236 turns).

Turbognida the Ruffian (Demigod Transmuter)         Turns: 4236, Time: 00:08:10

Health: -27/52     AC:  2    Str: 18    XL:     7   Next: 89%
Magic:  0/15       EV: 21    Int: 17    God:    Demigod [**....]
Gold:   117        SH:  0    Dex: 22    Spells: 0/12 levels left

rFire    x . .     GDR:     32%   - Fangs (venom) (14.3)
rCold    + . .     SeeInvis .   (shield currently unavailable)
rNeg     + . .     Gourm    .   (armour currently unavailable)
rPois    x         Faith    .   (helmet currently unavailable)
rElec    .         Spirit   +   (cloak currently unavailable)
rCorr    .         Reflect  .   (gloves currently unavailable)
MR       .....                  (boots currently unavailable)
Stlth    ++........             z - amulet of guardian spirit
HPRegen  0.17/turn              s - ring "Casaus" {Ice rN+}
MPRegen  0.14/turn              (no ring)

@: spider-form
A: tiny, high mp 1
a: End Transformation, Temporal Distortion, Growth


You were on level 5 of the Dungeon.
You worshipped Demigod.
Demigod was pleased with you.
You were hungry.
You were a venomous arachnid creature.
You visited 2 branches of the dungeon, and saw 6 of its levels.

You collected 348 gold pieces.
You spent 231 gold pieces at shops.

Inventory:

Hand Weapons
 d - a +0 blowgun
Missiles
 a - 626 arrows
 u - 210 poisoned needles
Armour
 b - a +0 robe
 c - a +0 leather armour
 g - a +0 pair of boots
 j - a +0 helmet
 k - a +0 pair of gloves
 x - a cursed +0 helmet
 y - a +2 ring mail of cold resistance (melded)
Jewellery
 s - the ring "Casaus" (left front leg) {Ice rN+}
   (You found it on level 4 of the Dungeon)

   [ring of ice]

   It enhances your ice magic.
   It makes you vulnerable to fire.
   It protects you from cold.
   It protects you from negative energy.
 z - an amulet of guardian spirit (around neck)
Wands
 i - a wand of clouds (5)
 o - a wand of disintegration (8)
 w - a wand of polymorph (11)
Scrolls
 f - 2 scrolls of magic mapping
 m - 3 scrolls of teleportation {unknown}
 p - a scroll of remove curse
 r - a scroll of enchant armour {unknown}
 t - a scroll of immolation {unknown}
 A - 3 scrolls of amnesia {unknown}
 B - a scroll of acquirement {unknown}
Potions
 h - a potion of invisibility {unknown}
 l - a potion of berserk rage {unknown}
 n - a potion of resistance {unknown}
 q - a potion of heal wounds {unknown}
 v - a potion of curing
 C - a potion of lignification
Comestibles
 e - 7 rations {!d}


   Skills:
 + Level 1.5 Fighting
 * Level 3.1 Armour
 + Level 2.3 Dodging
 + Level 0.7 Stealth
 * Level 6.5 Unarmed Combat
 + Level 3.2 Spellcasting
 * Level 3.1 Transmutations


You couldn't memorise any spells.
You knew the following spells:

 Your Spells              Type           Power        Failure   Level  Hunger
a - Beastly Appendage     Tmut           ##....       14%         1    None
b - Sticks to Snakes      Tmut           ##......     19%         2    #......
c - Spider Form           Tmut/Pois      #..          47%         3    ####...
d - Passwall              Tmut/Erth      #.......     32%         2    #......
e - Ice Form              Ice/Tmut       ##......     83%         4    #####..

Your spell library contained the following spells:

 Spells                   Type           Power        Failure   Level  Hunger
 Blade Hands              Tmut           ##........   91%         5    ######.


Dungeon Overview and Level Annotations

Branches:
Dungeon (5/12)             Temple (1/1) D:4

Shops:
D:4 [   D:5 !


Innate Abilities, Weirdness & Mutations

You have an increased reservoir of magic. (+10% MP)


Message History

The komodo dragon is lightly wounded.
The komodo dragon barely misses you.
You bite the komodo dragon!
The komodo dragon is moderately wounded.
The komodo dragon misses you.
You hit the komodo dragon.
The komodo dragon looks more poisoned.
The komodo dragon is moderately wounded.
The komodo dragon misses you.
You closely miss the komodo dragon.
The komodo dragon is moderately wounded.
You barely miss the komodo dragon.
The komodo dragon is moderately wounded.
The komodo dragon bites you!!
* * * LOW HITPOINT WARNING * * *
You bite the komodo dragon!
The komodo dragon looks more poisoned.
The komodo dragon is severely wounded.
The komodo dragon bites you!!
Ouch! That really hurt!
You die...
Your divinity fades.

. .######....
..#........
#.#.##..%..
#.#.##.##.#
#.#.##....#
#.#.##.##.# #
#...##.##.##.#
#####
###.....)ls..#
#.... #####
#.##.#######
####.### ....#
#÷##.######
##.......
###.#
#..........
##......#.
###.###
###...#####
#.......#.
#.....#
#.....##
###.........
..#.#.#
#......#
#.........÷.
###.#.#
####...#
#.##........
....#.# #...#
#.###....###


You could see a komodo dragon.

Vanquished Creatures
  An orc warrior (D:5)
  A phantom (D:3)
  A sky beast (D:4)
  An ogre (D:5)
  The ghost of Darthill6464 the Vexing, an amateur AvEn of Kikubaaqudgha (D:3)
  A centaur (D:5)
  A howler monkey (D:5)
  2 crimson imps (D:4)
  2 hounds
  An orc wizard (D:5)
  2 worker ants
  A killer bee zombie (D:5)
  A hound skeleton (D:4)
  A worker ant zombie (D:5)
  3 gnolls (D:3)
  4 adders
  3 shadow imps (D:5)
  An adder skeleton (D:4)
  2 worms (D:3)
  3 dart slugs
  2 leopard geckos
  10 orcs
  2 giant cockroaches
  4 goblins
  12 hobgoblins
  5 kobolds
  3 quokkas
  A ball python skeleton (D:4)
  4 bats
  2 frilled lizards
  9 rats
87 creatures vanquished.

Notes
Turn   | Place    | Note
-------+----------+-------------------------------------------
     0 | D:1      | Turbognida the Demigod Transmuter began the quest for the
                  | Orb.
     0 | D:1      | Reached XP level 1. HP: 15/15 MP: 5/5
   288 | D:1      | Reached skill level 3 in Unarmed Combat
   374 | D:1      | Reached XP level 2. HP: 9/22 MP: 5/7
   648 | D:2      | Found a corrupted altar of Lugonu.
   654 | D:2      | Found a sacrificial altar of Ru.
   946 | D:2      | Found a white marble altar of Elyvilon.
  1020 | D:2      | Reached XP level 3. HP: 17/27 MP: 6/8
  1044 | D:2      | Found an opulent altar of Gozag.
  1108 | D:2      | Reached * piety under Demigod
  1494 | D:2      | Found a bloodstained altar of Trog.
  1557 | D:3      | Found a runed translucent door.
  1557 | D:3      | Noticed Darthill6464's ghost (amateur AvEn)
  1569 | D:3      | Reached skill level 1 in Fighting
  1757 | D:3      | Reached XP level 4. HP: 24/35 MP: 8/10
  1806 | D:3      | Reached skill level 1 in Armour
  2364 | D:3      | Noticed a phantom
  2390 | D:3      | Killed a phantom
  2391 | D:3      | Reached skill level 4 in Unarmed Combat
  2391 | D:3      | Reached XP level 5. HP: 14/40 MP: 11/11
  2503 | D:2      | Learned a level 2 spell: Sticks to Snakes
  2507 | D:2      | Learned a level 3 spell: Spider Form
  2510 | D:2      | Learned a level 2 spell: Passwall
  2857 | D:3      | Killed Darthill6464's ghost
  2858 | D:3      | Reached XP level 6. HP: 44/47 MP: 10/13
  2974 | D:4      | Found a staircase to the Ecumenical Temple.
  3017 | D:4      | Got a glittering tin ring
  3018 | D:4      | Identified the ring "Casaus" {Ice rN+} (You found it on
                  | level 4 of the Dungeon)
  3051 | D:4      | Reached skill level 5 in Unarmed Combat
  3280 | D:4      | Found a shimmering blue altar of Sif Muna.
  3371 | D:4      | Noticed a sky beast
  3387 | D:4      | Killed a sky beast
  3388 | D:4      | Reached XP level 7. HP: 31/52 MP: 14/14
  3593 | D:4      | Found an ancient bone altar of Kikubaaqudgha.
  3628 | D:4      | Found Idib's Armour Shop.
  3636 | D:4      | Bought a +2 ring mail of cold resistance for 231 gold
                  | pieces
  3729 | Temple   | Entered the Ecumenical Temple
  3748 | D:5      | Entered Level 5 of the Dungeon
  3765 | D:5      | Reached ** piety under Demigod
  3866 | D:5      | Reached skill level 6 in Unarmed Combat
  3901 | D:5      | Learned a level 4 spell: Ice Form
  3985 | D:5      | Found Mopocy's Distillery.
  4214 | D:5      | Noticed a komodo dragon
  4236 | D:5      | Annihilated by a komodo dragon

Skill      XL: |  1  2  3  4  5  6  7 |
---------------+----------------------+-----
Unarmed Combat | 3 4 5 6 |  6.5
Spellcasting   | 2 3 |  3.2
Transmutations | 2 3 |  3.1
Fighting       | 1 |  1.5
Dodging        | 2 |  2.3
Armour         | 1 2 3 |  3.1
Stealth        | |  0.7

Action                   |  1- 3 |  4- 6 |  7- 9 || total
-------------------------+-------+-------+-------++-------
Melee: Unarmed           |   136 |   113 |    87 ||   336
       Headbutt          |    13 |    12 |     3 ||    28
       Kick              |    15 |    17 |    15 ||    47
       Punch             |     2 |     4 |       ||     6
 Cast: Beastly Appendage |    29 |    18 |     9 ||    56
       Spider Form       |       |       |     1 ||     1
  Use: Potion            |       |     3 |       ||     3
       Scroll            |       |     1 |     1 ||     2
 Stab: Sleeping          |     1 |       |       ||     1
  Eat: Chunk             |     6 |     8 |     5 ||    19
Armor: Leather armour    |    39 |    17 |     2 ||    58
       Skin              |       |     7 |       ||     7
       Ring mail         |       |       |    22 ||    22
Dodge: Dodged            |    91 |    41 |    49 ||   181
